 Dungeon Crawl Stone Soup version 0.27.1-15-g792fb953b9 (webtiles) character file.

Game seed: 10107967830613250404

2 spaced the Stinger (level 1, -1/10 HPs)
             Began as a Deep Elf Venom Mage on Nov 21, 2021.
             Slain by a goblin (2 damage)
             ... on level 1 of the Dungeon.
             The game lasted 00:02:28 (90 turns).

spaced the Stinger (Deep Elf Venom Mage)              Turns: 90, Time: 00:02:30

Health: -1/10      AC:  2    Str:  5    XL:     1   Next: 33%
Magic:  0/6        EV: 12    Int: 19    God:
Gold:   6          SH:  0    Dex: 15    Spells: 5/6 levels left

rFire    . . .     SeeInvis .   (no weapon)
rCold    . . .     Faith    .   (no shield)
rNeg     . . .     Spirit   .   a - +0 robe
rPois    .         Reflect  .   (no helmet)
rElec    .         Harm     .   (no cloak)
rCorr    .         Rampage  .   (no gloves)
Will     .....                  (no boots)
Stlth    ++........             (no amulet)
HPRegen  0.03/turn              (no ring)
MPRegen  0.10/turn              (no ring)

@: no status effects
A: no striking features
a: no special abilities


You were on level 1 of the Dungeon.
You visited 1 branch of the dungeon, and saw 1 of its levels.

You collected 6 gold pieces.

Inventory:

Armour
 a - a +0 robe (worn)
Magical Staves
 c - a staff of cold
Scrolls
 b - a scroll of magic mapping {unknown}


   Skills:
 + Level 2.5 Dodging
 + Level 2.6 Stealth
 + Level 3.0 Spellcasting
 + Level 1.1 Transmutations
 + Level 3.3 Poison Magic


You had 5 spell levels left.
You knew the following spells:

 Your Spells              Type           Power      Damage    Failure   Level
a - Sting                 Tmut/Pois      44%        1d5       6%          1

Your spell library contained the following spells:

 Spells                   Type           Power      Damage    Failure   Level
 Poisonous Vapours        Pois/Air       18%        N/A       12%         2
 Mephitic Cloud           Conj/Pois/Air  7%         N/A       28%         3
 Olgreb's Toxic Radiance  Pois           15%        N/A       36%         4


Dungeon Overview and Level Annotations

Branches:
Dungeon (1/15)

Altars:


Message History

Press: ? - help, Shift-Dir - straight line, f - goblin
Aim: a goblin, wielding a +0 dagger (64% to hit)
The sting misses the goblin.
The goblin shouts!
Casting: Sting (safe; 6% risk of failure)
Confirm with . or Enter, or press ? or * to list all spells.
Aiming: Sting (safe; 6% risk of failure)
Press: ? - help, Shift-Dir - straight line, f/p - goblin
Aim: a goblin, wielding a +0 dagger (64% to hit)
The sting misses the goblin.
The goblin shouts!
The kobold hits you with a +0 dagger. The goblin hits you but does no damage.
Casting: Sting (safe; 6% risk of failure)
Confirm with . or Enter, or press ? or * to list all spells.
Aiming: Sting (safe; 6% risk of failure)
Press: ? - help, Shift-Dir - straight line, f/p - goblin
Aim: a goblin, wielding a +0 dagger (64% to hit)
The sting misses the goblin.
The kobold closely misses you. The goblin hits you with a +0 dagger.
* * * LOW HITPOINT WARNING * * *
Casting: Sting (safe; 6% risk of failure)
Confirm with . or Enter, or press ? or * to list all spells.
Aiming: Sting (safe; 6% risk of failure)
Press: ? - help, Shift-Dir - straight line, f - goblin, p - goblin
Aim: a goblin, wielding a +0 dagger (64% to hit)
The sting hits the kobold.
The kobold is poisoned.
The kobold is heavily wounded.
The kobold misses you. The goblin hits you with a +0 dagger.
* * * LOW HITPOINT WARNING * * *
Unknown command.
Unknown command.
Casting: Sting (safe; 6% risk of failure)
Confirm with . or Enter, or press ? or * to list all spells.
Aiming: Sting (safe; 6% risk of failure)
Press: ? - help, Shift-Dir - straight line, f/p - goblin
Aim: a goblin, wielding a +0 dagger (64% to hit)
The sting hits the kobold.
The kobold looks even sicker.
You kill the kobold!
The goblin hits you with a +0 dagger.
You die...

#...# #... #...#
#... #...# #...
########### #..†#
#...
#.........####...#
#...
#................#
#...
#.........########
#...
#.................
..
#.....g@.....####
#......g.....#
#............#
#......g.....#
##.....†.....#
#.###.###...# #.
($.) #...# # ##...
#..## .... #..#


You could see 3 goblins.

Vanquished Creatures
  A ball python (D:1)
  A kobold (D:1)
  2 frilled lizards (D:1)
4 creatures vanquished.

Notes
Turn   | Place    | Note
-------+----------+-------------------------------------------
     0 | D:1      | spaced the Deep Elf Venom Mage began the quest for the Orb.
     0 | D:1      | Reached XP level 1. HP: 10/10 MP: 6/6
    90 | D:1      | Slain by a goblin

Illustrated notes

Levels and vault maps discovered:
D:1:      psy_arrival_radial02, layout_basic, dreamdust_ecumenical_altar_grove,
          serial_shops, nicolae_lakefront_shop, minmay_split_cup_large

Action                   || total
-------------------------++-------
 Cast: Sting             ||     8
Armor: Robe              ||     1
Dodge: Dodged            ||     2
